 Dungeon Crawl Stone Soup version 0.29-a0-8-g0446c0dae4 (webtiles) character file.

Game seed: 2210957060301577920

625 dohliylev the Stinger (level 7, 0/36 HPs)
             Began as a Gargoyle Venom Mage on Jan 27, 2022.
             Slain by a wight (3 damage)
             ... on level 8 of the Dungeon.
             The game lasted 00:18:16 (3856 turns).

dohliylev the Stinger (Gargoyle Venom Mage)         Turns: 3856, Time: 00:18:16

Health: 0/36       AC:  7    Str: 12    XL:     7   Next: 47%
Magic:  6/13       EV: 12    Int: 17    God:
Gold:   118        SH:  0    Dex: 10    Spells: 5/15 levels left

rFire   x . .      SeeInvis .   (no weapon)
rCold   + . .      Faith    .   (no shield)
rNeg    + . .      Spirit   .   a - +0 robe
rPois   ∞          Reflect  .   h - +0 helmet
rElec   +          Harm     .   (no cloak)
rCorr   .          Rampage  .   (no gloves)
Will    .....                   (no boots)
Stlth   ++........              c - amulet of regeneration
HPRegen 0.92/turn               e - ring of ice
MPRegen 0.13/turn               (no ring)

@: no status effects
A: sickness immunity, AC +4, negative energy resistance 1, electricity
resistance, torment resistance 1, petrification resistance
a: no special abilities


You were on level 8 of the Dungeon.
You visited 1 branch of the dungeon, and saw 8 of its levels.

You collected 118 gold pieces.

Inventory:

Armour
 a - a +0 robe (worn)
 h - a +0 helmet (worn)
Jewellery
 c - an amulet of regeneration (around neck)
 e - a ring of ice (left hand)
Scrolls
 b - 4 scrolls of identify {unknown}
 d - 4 scrolls of immolation {unknown}
 f - a scroll of summoning {unknown}
 g - a scroll of enchant armour {unknown}
Potions
 i - 2 potions of heal wounds {unknown}
 j - a potion of flight {unknown}


   Skills:
 + Level 2.3 Dodging
 - Level 2.1 Stealth
 + Level 4.5 Spellcasting
 + Level 2.7 Transmutations
 + Level 1.2 Air Magic
 + Level 5.5 Poison Magic


You had 5 spell levels left.
You knew the following spells:

 Your Spells              Type           Power      Damage    Failure   Level
a - Sting                 Tmut/Pois      68%        1d6       2%          1
b - Poisonous Vapours     Pois/Air       30%        N/A       5%          2
c - Mephitic Cloud        Conj/Pois/Air  11%        N/A       19%         3
d - Olgreb's Toxic Radia  Pois           22%        N/A       16%         4

Your spell library contained the following spells:

 Spells                   Type           Power      Damage    Failure   Level
 Alistair's Intoxication  Tmut/Pois      11%        N/A       58%         5
 Borgnjor's Vile Clutch   Necr/Erth      1%         N/A       99%         5
 Eringya's Noxious Bog    Tmut/Pois      8%         N/A       99%         6


Dungeon Overview and Level Annotations

Branches:
Dungeon (8/15)             Temple (0/1) D:7
   Lair: D:8-11

Altars:

Shops:
D:7 ([

Annotations:
D:5 Pikel


Innate Abilities, Weirdness & Mutations

You are immune to sickness and miasma.
Your stone body is resilient. (AC +4)
You are immune to poison.
You resist negative energy. (rN+)
You are resistant to electric shocks. (rElec)
You are resistant to unholy torment.
You are immune to petrification.


Message History

Casting: Olgreb's Toxic Radiance (quite dangerous; 16% risk of failure)
Confirm with . or Enter, or press ? or * to list all spells.
Aiming: Sting (safe; 2% risk of failure)
Press: ? - help, Shift-Dir - straight line, f - wight
Aim: a wight, wielding a +2 great sword of freezing and wearing a +0 robe (74% to hit)
The sting hits the wight but does no damage.
The wight misses you. The white imp gestures at you.
The puff of frost misses you.
The puff of frost misses the wight.
Casting: Sting (safe; 2% risk of failure)
Confirm with . or Enter, or press ? or * to list all spells.
Aiming: Sting (safe; 2% risk of failure)
Press: ? - help, Shift-Dir - straight line, f - white imp, p - wight
Aim: a white imp (74% to hit)
The sting hits the white imp.
The white imp partially resists.
The white imp is poisoned.
The white imp is lightly wounded.
The wight closely misses you. The white imp closely misses you.
Casting: Sting (safe; 2% risk of failure)
Confirm with . or Enter, or press ? or * to list all spells.
Aiming: Sting (safe; 2% risk of failure)
Press: ? - help, Shift-Dir - straight line, f/p - white imp
Aim: a white imp (lightly wounded, poisoned, 74% to hit)
The sting hits the white imp but does no damage.
The white imp looks even sicker.
The white imp is lightly wounded.
The wight hits you with a +2 great sword of freezing!
The wight freezes you. The white imp closely misses you.
Casting: Sting (safe; 2% risk of failure)
Confirm with . or Enter, or press ? or * to list all spells.
Aiming: Sting (safe; 2% risk of failure)
Press: ? - help, Shift-Dir - straight line, f/p - white imp
Aim: a white imp (moderately wounded, very poisoned, 74% to hit)
The sting hits the white imp.
The white imp partially resists.
The white imp looks even sicker.
The white imp is moderately wounded.
The wight hits you with a +2 great sword of freezing!
* * * LOW HITPOINT WARNING * * *
The wight freezes you.
You die...

#.# #.##...... .#
#.# #.#####.### .o
#K# #(# #.# .## #.#
#.. ... .. #.# ###
#..# ## ####.# #..#
#....# .#
#.##.###########..#
# #......).$z@5..#
##############.#


You could see a wight and a white imp (very poisoned).

Vanquished Creatures
  A sky beast (D:8)
  A centaur (D:5)
  An ogre (D:3)
  A kobold brigand (D:8)
  4 orc priests
  3 orc wizards
  3 adders
  2 worms (D:2)
  A dart slug (D:3)
  4 orcs
  5 ball pythons
  9 endoplasms
  4 giant cockroaches
  3 goblins (D:1)
  4 hobgoblins
  10 jackals
  9 kobolds
  2 quokkas
  3 bats
  2 frilled lizards (D:2)
  2 rats
74 creatures vanquished.

Notes
Turn   | Place    | Note
-------+----------+-------------------------------------------
     0 | D:1      | dohliylev the Gargoyle Venom Mage began the quest for the
                  | Orb.
     0 | D:1      | Reached XP level 1. HP: 10/10 MP: 3/3
   155 | D:1      | Reached XP level 2. HP: 15/15 MP: 0/5
   595 | D:1      | Reached skill level 1 in Transmutations
   650 | D:1      | Learned a level 2 spell: Poisonous Vapours
   677 | D:1      | Reached XP level 3. HP: 19/19 MP: 1/6
  1475 | D:2      | Reached XP level 4. HP: 24/24 MP: 2/7
  2126 | D:3      | Reached skill level 4 in Poison Magic
  2373 | D:3      | Reached XP level 5. HP: 27/28 MP: 0/9
  2618 | D:3      | Noticed an ogre
  2630 | D:3      | Killed an ogre
  2762 | D:3      | Reached XP level 6. HP: 32/32 MP: 8/11
  3460 | D:4      | Learned a level 3 spell: Mephitic Cloud
  3465 | D:4      | Learned a level 4 spell: Olgreb's Toxic Radiance
  3484 | D:5      | Entered Level 5 of the Dungeon
  3561 | D:5      | Noticed Pikel
  3570 | D:5      | Reached skill level 1 in Air Magic
  3570 | D:5      | Reached skill level 5 in Poison Magic
  3570 | D:6      | Noticed a necrophage
  3575 | D:6      | Noticed a two-headed ogre
  3630 | D:7      | Reached XP level 7. HP: 36/36 MP: 1/13
  3779 | D:7      | Found Eclifi's Antique Weapon Emporium.
  3796 | D:7      | Found Pecape's Antique Armour Boutique.
  3806 | D:7      | Found a staircase to the Ecumenical Temple.
  3856 | D:8      | Slain by a wight

Illustrated notes

Levels and vault maps discovered:
D:1:      matt_arrival_spirals, layout_loops_ring
D:2:      layout_rooms
D:3:      layout_loops_corners
D:4:      layout_cave_pools
D:5:      layout_loops_ring, gammafunk_ghost_mausoleum, serial_park_tiny_1,
          kennysheep_opposing_triangles, uniq_prince_ribbit1, uniq_pikel
D:6:      layout_loops_ring, serial_glass, glass_columns_b, glass_columns_b,
          minmay_microvault
D:7:      layout_basic, minmay_temple_entry_wispy, serial_shops, shop,
          shop_fountains, shop, gammafunk_ghost_grave, hex_medium
D:8:      layout_loops_ring, uniq_joseph, uniq_maurice, uniq_grum

Skill      XL: |  1  2  3  4  5  6 |
---------------+-------------------+-----
Transmutations | 1 2 |  2.7
Dodging        | 2 |  2.3
Poison Magic   | 4 5 |  5.5
Spellcasting   | 3 4 |  4.5
Air Magic      | 1 |  1.2
Stealth        | |  2.1

Action                   |  1- 3 |  4- 6 |  7- 9 || total
-------------------------+-------+-------+-------++-------
Melee: Unarmed           |   129 |    13 |    23 ||   165
       Punch             |     1 |       |       ||     1
 Cast: Sting             |    52 |    60 |    10 ||   122
       Poisonous Vapours |     7 |    20 |       ||    27
       Olgreb's Toxic Ra |       |     2 |     2 ||     4
       Mephitic Cloud    |       |     1 |       ||     1
Armor: Robe              |    68 |    21 |    11 ||   100
Dodge: Dodged            |   113 |    21 |    25 ||   159

Table legend: (Time is in decaauts)
 A = Elapsed time spent in this place.
 B = Non-inter-level travel time spent in this place.
 C = Inter-level travel time spent in this place.
 D = Time resting spent in this place.
 E = Time spent auto-exploring this place.
 F = Levels seen in this place.
 G = Mean time per level.
                   A        B        C        D        E       F      G
               +--------+--------+--------+--------+--------+-----+--------+
         Total |   3856 |   3791 |     65 |    555 |   2115 |   8 |  482.0 |
       Dungeon |   3856 |   3791 |     65 |    555 |   2115 |   8 |  482.0 |
               +--------+--------+--------+--------+--------+-----+--------+

Top non-repeatable levels by time:
     D:3: 1308 daAuts
     D:1: 1197 daAuts
     D:2: 870 daAuts
     D:8: 161 daAuts
     D:4: 107 daAuts
     D:5: 85 daAuts
     D:7: 82 daAuts
     D:6: 42 daAuts
